Map: Year Zero LE

Players

Reynor - Winner!

  • Race: Zerg Zerg
  • League: Master
  • Spawn Location: 1:00

Rail

  • Race: Protoss Protoss
  • League: Grandmaster
  • Spawn Location: 11:00

Event: 2019 WCS Winter Europe

VOD

Have the link to the VOD?

Description

Time

  • Played on: March 24, 2019, 10:01 a.m.
  • Length: 10:48

All games in this series

Show
View Real Time Build Order
Export as new Build Order

Reynor Zerg - Winner!

Build Orders: Hatch First 

Get SALT Encoding   

  12  0:00  Drone  
  13  0:12  Overlord  
  13  0:18  Drone  
  14  0:31  Drone x2  
  16  0:37  Drone  
  17  0:53  Hatchery  
  17  0:56  Drone  
  17  0:59  Drone  
  18  1:11  Extractor  
  17  1:15  Spawning Pool  
  16  1:19  Drone  
  16  1:21  Drone  
  18  1:28  Drone  
  19  1:39  Drone  
  20  1:49  Drone  
  21  1:57  Hatchery  
  20  2:04  Queen  
  20  2:06  Drone  
  23  2:09  Drone  
  24  2:18  Queen  
  24  2:21  Drone  
  27  2:26  Overlord  
  27  2:30  Drone  
  27  2:35  Metabolic Boost  
  28  2:44  Drone  
  28  2:45  Drone x3  
  28  2:49  Overlord  
  32  2:55  Queen  
  34  2:59  Drone  
  34  3:01  Drone  
  36  3:07  Zergling x2  
  36  3:09  Drone x2  
  39  3:13  Zergling x2  
  39  3:16  Drone  
  39  3:17  Drone  
  39  3:18  Drone  
  43  3:20  Drone  
  43  3:21  Spore Crawler  
  43  3:22  Drone  
  44  3:28  Drone x3  
  44  3:31  Spore Crawler  
  44  3:32  Drone  
  47  3:35  Overlord  
  47  3:37  Drone  
  48  3:44  Drone  
  48  3:45  Drone  
  48  3:47  Roach Warren, Drone  
  50  3:51  Spore Crawler  
  50  3:54  Queen  
  50  3:55  Drone  
  52  3:57  Drone  
  52  3:58  Drone  
  52  4:01  Overlord  
  54  4:03  Drone  
  54  4:05  Extractor  
  54  4:07  Extractor  
  53  4:11  Overlord  
  53  4:12  Evolution Chamber  
  53  4:14  Overlord  
  53  4:20  Drone x3  
  53  4:21  Drone x2  
  53  4:24  Overlord  
  58  4:28  Queen  
  60  4:32  Queen, Drone x3  
  60  4:37  Overlord  
  65  4:40  Zerg Melee Weapons Level 1  
  65  4:44  Lair  
  64  4:49  Drone  
  64  4:50  Drone x2  
  67  4:53  Drone x3  
  67  4:55  Zergling x8  
  67  4:56  Zergling x2  
  75  5:02  Drone  
  75  5:04  Overlord, Queen  
  75  5:05  Zergling x2  
  79  5:08  Drone  
  79  5:09  Drone x2  
  79  5:13  Overlord  
  84  5:14  Zergling x4  
  84  5:15  Zergling x2  
  84  5:18  Drone x2  
  84  5:21  Overlord  
  87  5:26  Extractor  
  87  5:27  Extractor, Drone x4  
  89  5:32  Extractor  
  89  5:35  Drone x2  
  90  5:38  Drone  
  90  5:41  Hydralisk Den  
  90  5:44  Drone  
  90  5:47  Overlord  
  90  5:48  Zergling x12  
  97  5:56  Drone x3  
  100  5:57  Hatchery  
  100  6:00  Overlord  
  94  6:11  Hydralisk  
  94  6:12  Hydralisk x6, Grooved Spines  
  94  6:16  Baneling Nest  
  94  6:17  Zergling x4  
  94  6:18  Zergling x2  
  106  6:26  Hydralisk x3  
  106  6:27  Hydralisk  
  114  6:33  Hydralisk x3  
  114  6:37  Overlord  
  114  6:39  Hydralisk  
  120  6:41  Zerg Melee Weapons Level 2  
  120  6:44  Overseer  
  122  6:49  Hydralisk x3  
  128  6:57  Drone x7  
  128  7:00  Centrifical Hooks  
  134  7:05  Zergling x2  
  134  7:06  Zergling x4  
  137  7:08  Overlord  
  137  7:11  Drone x2  
  137  7:12  Hydralisk, Drone  
  137  7:13  Zergling x4  
  144  7:16  Overlord  
  144  7:23  Muscular Augments, Overlord x2  
  144  7:26  Pneumatized Carapace  
  144  7:28  Drone  
  144  7:29  Drone x2  
  147  7:31  Zergling x8  
  147  7:35  Drone  
  147  7:36  Zergling x4  
  154  7:37  Infestation Pit, Zergling x2  
  154  7:40  Overlord  
  154  7:43  Hydralisk x2  
  156  7:44  Zergling x2  
  156  7:50  Drone x2  
  161  7:57  Baneling x12  
  161  7:59  Baneling x6  
  161  8:00  Baneling x2  
  161  8:01  Zergling x4  
  161  8:03  Hatchery  
  162  8:07  Drone  
  162  8:09  Spire  
  162  8:12  Zergling x14  
  169  8:16  Hive  
  151  8:30  Zergling x30  
  151  8:33  Baneling x10  
  159  8:39  Baneling x3  
  159  8:45  Extractor  
  159  8:46  Zergling x10  
  159  8:47  Extractor, Zergling x8  
  166  8:50  Overlord  
  166  8:53  Hydralisk x3  
  172  8:59  Baneling x9  
  172  9:00  Baneling  
  166  9:14  Drone x3  
  166  9:17  Zergling x22  
  180  9:27  Greater Spire  
  179  9:31  Baneling x4  
  179  9:32  Baneling x3  
  179  9:33  Overlord  
  179  9:35  Zergling x16  
  179  9:36  Zergling x2  
  188  9:45  Hydralisk x6  
  166  9:46  Zergling x6  
  174  9:53  Zergling x14  
  175  10:10  Zergling x10  
  175  10:11  Zergling x4  
  172  10:14  Baneling x8  
  172  10:15  Hydralisk x4, Baneling x13  
  172  10:17  Overseer  
  172  10:18  Zergling x2  
  172  10:19  Zergling x2  
  172  10:21  Baneling x5  
  176  10:23  Zergling x4  
  176  10:24  Zergling x2  
Show
View Real Time Build Order
Export as new Build Order

Rail Protoss 

Build Orders: Nexus First, Phoenix Opening, Archon Immortal 

Get SALT Encoding   

  12  0:00  Probe  
  13  0:13  Probe  
  14  0:19  Pylon  
  14  0:25  Probe  
  15  0:33  Probe  
  15  0:41  Probe  
  17  0:51  Probe  
  18  1:03  Nexus  
  18  1:13  Gateway  
  18  1:15  Probe  
  19  1:23  Assimilator  
  19  1:27  Probe  
  19  1:28  Assimilator  
  20  1:35  Probe  
  20  1:37  Pylon  
  21  1:43  Probe  
  21  1:53  Probe  
  22  2:00  Cybernetics Core  
  23  2:01  Probe  
  23  2:04  Zealot  
  26  2:09  Probe  
  26  2:11  Probe  
  27  2:20  Probe x2  
  30  2:30  Probe  
  30  2:32  Probe, Gateway  
  34  2:37  Sentry  
  34  2:42  Probe  
  35  2:45  Stargate  
  35  2:46  Warp Gate  
  35  2:50  Probe  
  36  2:54  Probe  
  37  3:02  Probe x2  
  38  3:07  Pylon  
  38  3:10  Probe  
  38  3:12  Stalker, Probe  
  43  3:20  Probe x2  
  43  3:24  Pylon  
  45  3:27  Assimilator  
  45  3:28  Phoenix, Probe  
  45  3:32  Probe  
  49  3:36  Forge  
  49  3:40  Probe  
  50  3:43  Robotics Facility  
  50  3:45  Probe  
  51  3:49  Assimilator  
  51  3:51  Pylon  
  51  3:53  Probe  
  52  3:57  Probe  
  53  4:04  Twilight Council  
  53  4:09  Probe  
  54  4:13  Protoss Ground Weapons Level 1  
  54  4:14  Probe  
  54  4:16  Gateway  
  55  4:17  Gateway  
  55  4:29  Pylon  
  55  4:33  Observer  
  55  4:34  Adept  
  55  4:35  Charge, Adept  
  60  4:43  Nexus  
  60  4:48  Probe x2  
  62  4:53  Pylon  
  62  4:55  Sentry x2  
  66  5:00  Probe  
  66  5:01  Probe  
  66  5:05  Immortal  
  72  5:13  Gateway  
  72  5:15  Gateway  
  72  5:22  Shield Battery  
  72  5:26  Zealot  
  72  5:27  Pylon  
  74  5:28  Zealot  
  74  5:31  Pylon  
  76  5:38  Probe x2  
  78  5:43  Templar Archives  
  78  5:49  Zealot x3  
  84  5:50  Probe, Protoss Ground Weapons Level 2  
  85  5:57  Photon Cannon  
  85  5:59  Probe x2  
  85  6:02  Probe  
  88  6:11  Zealot  
  88  6:12  Zealot x2  
  88  6:13  Probe  
  88  6:14  Probe  
  88  6:16  Probe  
  97  6:20  Phoenix  
  97  6:23  High Templar x2  
  97  6:25  Probe  
  104  6:30  Assimilator, Probe  
  104  6:31  Archon  
  104  6:32  Assimilator  
  105  6:34  High Templar x2, Pylon  
  105  6:37  Probe  
  105  6:39  Archon  
  110  6:42  Gateway  
  110  6:43  Probe  
  110  6:44  Gateway  
  111  6:51  Immortal  
  115  6:55  Phoenix  
  115  7:00  Probe  
  118  7:05  Pylon  
  118  7:06  Probe  
  119  7:08  Pylon  
  119  7:11  Pylon  
  119  7:20  Phoenix  
  121  7:23  Pylon  
  121  7:24  Pylon  
  121  7:26  Nexus  
  121  7:28  Immortal  
  125  7:37  Gateway x2  
  125  7:45  High Templar x2  
  125  7:46  Zealot, High Templar x2  
  125  7:47  Zealot  
  125  7:51  Zealot x2, Archon  
  137  7:52  Archon  
  137  7:56  Gateway  
  141  8:00  Gateway  
  141  8:03  Pylon  
  141  8:05  Shield Battery, Warp Prism  
  141  8:08  High Templar x2, Photon Cannon  
  141  8:09  Probe  
  148  8:14  Archon  
  148  8:15  Zealot  
  150  8:26  Probe x2  
  138  8:29  Zealot x2  
  138  8:30  Probe  
  125  8:34  Probe  
  125  8:35  Probe x2  
  125  8:38  Probe  
  128  8:42  High Templar x4  
  128  8:43  Probe  
  128  8:44  Zealot x3, Probe x2  
  128  8:46  Probe, Archon  
  128  8:47  Archon  
  146  8:53  Probe  
  147  8:56  Probe, Pylon  
  147  8:58  Zealot  
  151  9:07  Assimilator  
  151  9:08  Assimilator, Probe  
  152  9:11  Pylon  
  152  9:14  Probe x2  
  152  9:15  Probe  
  152  9:17  High Templar x2  
  157  9:18  Zealot  
  157  9:21  Archon  
  157  9:23  Zealot, Probe  
  164  9:24  Zealot  
  164  9:27  Zealot  
  138  9:57  Immortal  
  138  9:58  Sentry, High Templar x4  
  138  9:59  Zealot x6  
  160  10:00  Zealot  
  160  10:03  Archon  
  160  10:04  Archon  
  156  10:20  Zealot x4, High Templar x2  
  156  10:21  Zealot x2  
  172  10:24  Zealot  
  172  10:25  Archon  
Tags
 
Add a new tag
Caveats
  • Supply blocks, unpowered buildings, or Contaminate may cause inaccurate times.
  • Supply counts are checked every 10 seconds.